Prunus, chaotic male elven Priest ----------- --------------- |..........+ |.............+ |<.........| |.............| |........... |.............| |..........| |.............| |..........| ------|-------- |...........# ## ------------# # # # # # # #### # # ------- # # ###|.....| ### ----------.----- ##-.....| # |..............-#### |..{..|# ###|...>..........| # |@.d...# #-...............## |.G...|# ---------------- ------- Prunus the Aspirant Experience level: 2 Strength: 13 Dexterity: 10 Constitution: 13 Intelligence: 12 Wisdom: 17 Charisma: 10 Health: 0(19) Energy: 29(29) Def: 3 Gold: 324 Moves: 1252 Dungeon seed: kIgvkinmx-8cbuvu Game ID: Prunus_1500678597 Your Inventory: Coins $ - 324 gold pieces Weapons a - a blessed +1 mace (weapon in hand) u - a +0 sling C - a blessed +0 spear (alternate weapon; not wielded) Armor e - a blessed +0 robe (being worn) n - a +0 small shield (being worn) z - a +0 banded mail Comestibles c - a clove of garlic d - a sprig of wolfsbane v - a food ration Scrolls j - a scroll of stinking cloud k - a scroll of magic mapping m - 4 scrolls of identify D - a scroll of light Spellbooks f - a spellbook of detect monsters g - a spellbook of extra healing Potions b - 4 potions of holy water l - a cursed potion of sleeping r - a cursed potion of restore ability t - a potion of gain ability x - a potion of confusion Rings A - a ring of polymorph control Tools h - an oil lamp (0:1383) s - a fire horn (0:6) Gems y - a worthless piece of orange glass Spells and supernatural/magical abilities: Name Level Category Fail Memory n - detect monsters 1 divination 0% 94% x - extra healing 3 healing 90% 94% W - pray for help -- divine ? -- X - turn undead -- divine ? -- Your skills at the end: Fighting Skills Weapon Skills mace [Basic] Spellcasting Skills clerical spells [Basic] Final Attributes: You were piously aligned. You had infravision. You are dead. Vanquished creatures: a rock piercer a hobbit a large kobold a yellow mold a gnome zombie 4 geckos 2 jackals a kobold 2 sewer rats 4 grid bugs a lichen a kobold zombie 4 newts 24 creatures vanquished. Voluntary challenges: You followed a strict vegan diet. You were an atheist. You used a wielded weapon 19 times, starting on turn 82. You read items or engraved 1 time, starting on turn 1077. You never genocided any monsters. You never polymorphed an object. You never changed form. You used no wishes. You never split a pudding. You never wrote Elbereth's name. You never violated your personal moral code. Dungeon overview: The Dungeons of Doom: levels 1 to 8 Level 1 a fountain a long staircase Level 2 a scroll shop Level 3 Level 4 a fountain, some sinks a long staircase Level 5 Level 6 Level 7 <- You were here a fountain Level 8 History has recorded: On T:1 you entered the Dungeons of Doom to retrieve the Amulet of Yendor! On T:218 you reached level 2 of The Dungeons of Doom. On T:527 you reached level 3 of The Dungeons of Doom. On T:769 you reached level 4 of The Dungeons of Doom. On T:838 you advanced to experience level 2. On T:928 you reached level 5 of The Dungeons of Doom. On T:999 you reached level 6 of The Dungeons of Doom. On T:1038 you reached level 7 of The Dungeons of Doom. On T:1133 you reached level 8 of The Dungeons of Doom. Score breakdown: Gold: 324 ( 8544 points) Experience: 2 levels ( 5570 points) Exploration: 8 levels ( 16.00%) (11338 points) Discoveries: 4 items ( 1.40%) ( 3547 points) Valuables value: (no points given unless you survive) Artifact value: 0 ( 0 points) Variety of kills: 13 monsters ( 3.41%) ( 5541 points) Turncount: 1252 turns ( 0 points) Survival: died (score multiplied by 80%) Total score: 27632 Latest messages: Baubau misses the rock piercer. (3x) You hit the rock piercer! Baubau misses the rock piercer. You miss the rock piercer. Baubau misses the rock piercer. The rock piercer misses Baubau. Baubau misses the rock piercer. You miss the rock piercer. Baubau misses the rock piercer. Baubau bites the rock piercer. The rock piercer is killed! You hear some noises. Baubau bites the gnome lord. The gnome lord wields a thonged club! Baubau misses the gnome lord. You hit the gnome lord. Baubau misses the gnome lord. (2x) You miss the gnome lord. Baubau misses the gnome lord. The gnome lord swings his thonged club. The gnome lord hits! Baubau misses the gnome lord. The gnome lord swings his thonged club. The gnome lord hits! You die... Final status: Goodbye Prunus the Priest, killed by a gnome lord... You died in The Dungeons of Doom on dungeon level 7 with 27632 points, and 324 pieces of gold, after 1252 moves. You were level 2 with a maximum of 19 hit points when you died.